 Dungeon Crawl Stone Soup version 0.20-a0-350-ga83eecc (webtiles) character file.

49 Kidiri the Magician (level 3, -4/19 HPs)
             Began as a Deep Elf Fire Elementalist on Dec 23, 2016.
             Slain by an ice beast (7 damage)
             ... on level 3 of the Dungeon.
             The game lasted 00:05:16 (1722 turns).

Kidiri the Magician (Deep Elf Fire Elementalist)    Turns: 1722, Time: 00:05:17

Health: -4/19      AC:  3    Str:  5    XL:     3   Next: 51%
Magic:  6/10       EV: 13    Int: 20    God:
Gold:   206        SH:  0    Dex: 17    Spells: 1/10 levels left

rFire  . . .     SeeInvis .     n - +1 rapier
rCold  . . .     Gourm    .     a - +0 robe
rNeg   + . .     Faith    .     (no shield)
rPois  .         Spirit   .     g - +0 helmet
rElec  .         Reflect  .     (no cloak)
rCorr  .         Harm     .     (no gloves)
MR     .....                    (no boots)
Stlth  ++........               (no amulet)
                                m - ring of positive energy
                                o - +2 ring of dexterity

@: no status effects
A: no striking features
a: no special abilities


You were on level 3 of the Dungeon.
You were not hungry.

You visited 1 branch of the dungeon, and saw 3 of its levels.

You collected 206 gold pieces.

Inventory:

Hand Weapons
 n - a +1 rapier (weapon)
Armour
 a - a +0 robe (worn)
 g - a +0 helmet (worn)
Jewellery
 m - a ring of positive energy (right hand)
 o - a +2 ring of dexterity (left hand)
Scrolls
 f - a scroll of remove curse
 q - a scroll of teleportation
Potions
 h - a potion of resistance
 k - a potion of berserk rage
 l - a potion of degeneration {unknown}
 p - a potion of haste {unknown}
Books
 b - a book of Flames

   Spells                             Type                      Level
   a - Flame Tongue                   Conjuration/Fire             1
   b - Throw Flame                    Conjuration/Fire             2
   c - Conjure Flame                  Conjuration/Fire             3
   d - Inner Flame                    Hexes/Fire                   3
   e - Sticky Flame                   Conjuration/Fire             4
   f - Fireball                       Conjuration/Fire             5
Comestibles
 c - 3 bread rations
 d - 4 chunks of flesh
 i - a slice of pizza


   Skills:
 - Level 2.4 Dodging
 - Level 2.4 Stealth
 * Level 4.2 Spellcasting
 + Level 2.3 Conjurations
 + Level 3.7 Fire Magic


You had one spell level left.
You knew the following spells:

 Your Spells              Type           Power        Failure   Level  Hunger
a - Flame Tongue          Conj/Fire      ###..        3%          1    None
b - Throw Flame           Conj/Fire      ###...       6%          2    #......
c - Conjure Flame         Conj/Fire      ###.....     12%         3    ###....
d - Inner Flame           Hex/Fire       ##......     21%         3    ###....


Dungeon Overview and Level Annotations

Branches:
Dungeon (3/15)

Altars:
Qazlal


Message History

Ouch! That really hurt!
* * * LOW HITPOINT WARNING * * *
Casting: Flame Tongue
Confirm with . or Enter, or press ? or * to list all spells.
Aiming: Flame Tongue
Press: ? - help, Shift-Dir - straight line, f/p - ice beast
Aim: an ice beast (heavily wounded)
Okay, then.
Casting: Flame Tongue
Confirm with . or Enter, or press ? or * to list all spells.
You don't know that spell.
Casting: Flame Tongue
Confirm with . or Enter, or press ? or * to list all spells.
Aiming: Flame Tongue
Press: ? - help, Shift-Dir - straight line, f/p - ice beast
Aim: an ice beast (heavily wounded)
The flame tongue misses the ice beast.
The ice beast hits you.
* * * LOW HITPOINT WARNING * * *
The ice beast freezes you!
You die...

............§§§§#
#....#.......§§§
#....#....##.§§#.
#......>÷...[§.#.l
#....#.).....#.#
.#
#.#..<...#.#####
## #.............
######...###.####
..%.......@Y$....#
...#####.####.####
.... ... ###...
)...# ##### #.###
.# .. #.


You could see an ice beast.

Vanquished Creatures
  3 dart slugs
  A leopard gecko (D:1)
  6 bats
  3 giant cockroaches
  4 goblins
  7 hobgoblins
  4 jackals (D:1)
  A quokka (D:3)
  3 frilled lizards (D:2)
  2 kobolds
  3 rats
37 creatures vanquished.

Notes
Turn   | Place    | Note
-------+----------+-------------------------------------------
     0 | D:1      | Kidiri the Deep Elf Fire Elementalist began the quest for the Orb.
     0 | D:1      | Reached XP level 1. HP: 10/10 MP: 6/6
   298 | D:1      | Reached XP level 2. HP: 14/15 MP: 5/8
   302 | D:1      | Learned a level 2 spell: Throw Flame
   779 | D:1      | Reached skill level 4 in Spellcasting
   970 | D:2      | Reached XP level 3. HP: 19/19 MP: 8/10
   975 | D:2      | Learned a level 3 spell: Conjure Flame
   979 | D:2      | Learned a level 3 spell: Inner Flame
  1302 | D:2      | Found a stormy altar of Qazlal.
  1715 | D:3      | Noticed an ice beast
  1722 | D:3      | Slain by an ice beast

Vault maps used:
D:1:      ncdulo_smallfort
D:2:      grunt_qazlal_clouds
D:3:      kiku_gazebo_garden_becter, gup_sewer_entry_bowl,
          kennysheep_generic_room_2

Skill      XL: |  1  2  3 |
---------------+----------+-----
Spellcasting   | 4 |  4.2
Conjurations   | 2 |  2.3
Dodging        | |  2.4
Stealth        | |  2.4
Fire Magic     | |  3.7

Action                   || total
-------------------------++-------
Melee: Unarmed           ||     1
       Rapier            ||     3
 Cast: Flame Tongue      ||    56
  Use: Scroll            ||     8
 Stab: Sleeping          ||     1
  Eat: Chunk             ||     2
Armor: Robe              ||     5
Dodge: Dodged            ||    20
